 Dungeon Crawl Stone Soup version 0.25.1-2-g60ff931 (webtiles) character file.

Game seed: 8295063289495452614

257 vertexvortex the Chiller (level 5, -1/57 HPs)
             Began as a Demonspawn Ice Elementalist on Aug 22, 2020.
             Succumbed to kobold's curare-tipped dart
             ... on level 3 of the Dungeon.
             The game lasted 00:13:08 (2802 turns).

vertexvortex the Chiller (DsIE)                     Turns: 2802, Time: 00:13:09

Health: -1/57      AC: 22    Str:  9    XL:     5   Next: 93%
Magic:  9/11       EV:  2    Int: 17    God:
Gold:   87         SH:  0    Dex: 13    Spells: 8/12 levels left

rFire    . . .     SeeInvis .   j - +1 flail (protect)
rCold    . . .     Gourm    .   (no shield)
rNeg     + + +     Faith    .   (armour currently unavailable)
rPois    +         Spirit   .   (helmet currently unavailable)
rElec    .         Reflect  .   (cloak currently unavailable)
rCorr    .         Harm     .   (gloves currently unavailable)
MR       .....     NoTele   +   (boots currently unavailable)
Stlth    ++........             (no amulet)
HPRegen  0.19/turn              f - ring of teleportation (curse)
MPRegen  0.12/turn              (no ring)

@: lethally poisoned (-1 -> -10), tree-form, stab, slowed, very slow
A: no striking features
a: no special abilities


You were on level 3 of the Dungeon.
You were not hungry.
You were a tree.
You visited 1 branch of the dungeon, and saw 3 of its levels.

You collected 87 gold pieces.

Inventory:

Hand Weapons
 d - a +0 dagger
 j - a +1 flail of protection (weapon)
Missiles
 b - 7 boomerangs
 g - 20 stones (quivered)
 k - 26 sling bullets
Armour
 a - a +1 robe
 i - a +0 tower shield
 n - a +2 animal skin (melded)
 o - a +0 helmet (melded)
 q - a +0 scale mail
Jewellery
 f - a cursed ring of teleportation (left branch)
Scrolls
 r - 2 scrolls of teleportation
Potions
 h - a potion of lignification
 m - a potion of haste
Comestibles
 c - 3 rations


   Skills:
 * Level 2.0 Fighting
 - Level 1.7 Dodging
 - Level 1.7 Stealth
 * Level 1.1 Shields
 * Level 4.2 Spellcasting
 + Level 4.6 Ice Magic


You had 8 spell levels left.
You knew the following spells:

 Your Spells              Type           Power        Failure   Level  Hunger
a - Freeze                Ice            ###.         2%          1    None
b - Frozen Ramparts       Ice            ###...       7%          3    ###....

Your spell library contained the following spells:

 Spells                   Type           Power        Failure   Level  Hunger
 Ozocubu's Armour         Chrm/Ice       ##......     19%         3    ###....
 Hailstorm                Conj/Ice       ##......     52%         4    ####...
 Summon Ice Beast         Ice/Summ       ##......     52%         4    ####...


Dungeon Overview and Level Annotations

Branches:
Dungeon (3/15)

Altars:
Sif Muna


Innate Abilities, Weirdness & Mutations

((You have sharp fingernails.))
((You are partially covered in sharp spines.))
((When seriously injured, your bleeding wounds create armour. (AC +0)))


Message History

Confirm with . or Enter, or press ? or * to list all spells.
Aiming: Freeze (safe; 2% risk of failure)
Press: ? - help, Shift-Dir - straight line, f/p - kobold
Aim: a kobold, wielding a +0 whip (severely wounded)
You freeze the kobold!
You kill the kobold!
* * * LOW HITPOINT WARNING * * *
You feel sick.
Okay, then.
As you read the scroll labeled QIAWOU UZIBUFI, it crumbles to dust.
You feel aware of your surroundings.
You sensed 2 altars, and 1 shop/portal.
It was a scroll of magic mapping.
* * * LOW HITPOINT WARNING * * *
You feel sick.
Okay, then.
Unknown command.
There is a lethal amount of poison in your body!
* * * LOW HITPOINT WARNING * * *
You feel sick.
You die...

.### **,* *,,,*** *,* ...#
*,** *#*,*** *,* #..#* *,,*
##.,,* *,* .#..# **>* #..***
*,* ..#.# *,** #.#* *,*
..#*# *,,*##.# **,* ..#*****
**,##..## ****# *,,*
....<^,**###.#...†###...#
*,**
..##**,,,......)♣(†.(...#
*,* ** ..#
****##..###.#.###..#**,****_
..# *,,* #.#.# *,,,,,,,,,**
#.# #..###.#.#**,,,,,,,,,,*
#.# #......#..,,,,,,,,,,,,,
#.# #..#######**,,,,,,,,,,,
..# #,,,,,,*,,,,,,,,,,,,,,*
### **,***,*,***,,,,,,,,,,*
*,* *,*,* *,**********


There were no monsters in sight!

Vanquished Creatures
  An orc priest (D:3)
  An orc wizard (D:3)
  Terence (D:2)
  A worker ant (D:2)
  Robin (D:3)
  4 adders
  An ooze (D:2)
  6 dart slugs
  A worm (D:3)
  2 leopard geckos (D:1)
  8 orcs (D:3)
  A giant cockroach (D:1)
  14 goblins
  6 hobgoblins
  3 jackals (D:3)
  6 kobolds
  A quokka (D:3)
  A ball python (D:1)
  5 bats
  6 frilled lizards
  10 rats
80 creatures vanquished.

Notes
Turn   | Place    | Note
-------+----------+-------------------------------------------
     0 | D:1      | vertexvortex the Demonspawn Ice Elementalist began the
                  | quest for the Orb.
     0 | D:1      | Reached XP level 1. HP: 13/13 MP: 3/3
   236 | D:1      | Gained mutation: When seriously injured, your bleeding
                  | wounds create armour. (AC +0) [demonic ancestry]
   236 | D:1      | Reached XP level 2. HP: 20/20 MP: 0/5
   736 | D:1      | Reached skill level 1 in Fighting
   736 | D:1      | Gained mutation: You have sharp fingernails. [demonic
                  | ancestry]
   736 | D:1      | Reached XP level 3. HP: 25/26 MP: 2/6
   832 | D:1      | Learned a level 3 spell: Frozen Ramparts
  1544 | D:2      | Reached XP level 4. HP: 27/32 MP: 4/8
  1645 | D:2      | Noticed Terence
  1653 | D:2      | Killed Terence
  2319 | D:2      | Found a shimmering blue altar of Sif Muna.
  2491 | D:3      | Gained mutation: You are partially covered in sharp spines.
                  | [demonic ancestry]
  2491 | D:3      | Reached XP level 5. HP: 34/37 MP: 6/10
  2493 | D:3      | Noticed Robin
  2508 | D:3      | Killed Robin
  2510 | D:3      | Reached skill level 1 in Shields
  2800 | D:3      | HP: 2/57 [poisoned by kobold (curare-tipped dart)]
  2802 | D:3      | Succumbed to kobold's curare-tipped dart

Illustrated notes

Levels and vault maps discovered:
D:1:      roderic_crossed_star, layout_rooms
D:2:      layout_basic, lemuel_blue_sif_altar, uniq_terence
D:3:      layout_rooms, marbit_many_paths, lemuel_coloured_pillars_altar,
          portal_sewer_entry_d, bh_chokoban, grunt_ministairs_9,
          minmay_misc_feat_cross, guppyfry_early_lair_pool, uniq_robin

Skill      XL: |  1  2  3  4  5 |
---------------+----------------+-----
Ice Magic      | 4 |  4.6
Fighting       | 1 2 |  2.0
Spellcasting   | 3 4 |  4.2
Shields        | 1 |  1.1
Dodging        | |  1.7
Stealth        | |  1.7

Action                   |  1- 3 |  4- 6 || total
-------------------------+-------+-------++-------
Melee: Unarmed           |     5 |       ||     5
       Dagger            |    60 |     2 ||    62
       Flail             |       |    35 ||    35
 Cast: Freeze            |    37 |    16 ||    53
       Frozen Ramparts   |     3 |     4 ||     7
  Use: Scroll            |       |     5 ||     5
       Potion            |       |     2 ||     2
 Stab: Sleeping          |     3 |     1 ||     4
  Eat: Chunk             |     3 |     4 ||     7
Armor: Robe              |    10 |    16 ||    26
       Skin              |       |     5 ||     5
       Animal skin       |       |     2 ||     2
Dodge: Dodged            |    42 |    47 ||    89
